 Dungeon Crawl Stone Soup version 0.29-a0-284-gf9362112df (webtiles) character file.

Game seed: 7470014093365368128

321 garrulousMonolith the Chopper (level 6, -4/82 HPs)
             Began as a Hill Orc Monk on Mar 30, 2022.
             Was a Believer of Beogh.
             Blown up by Ijyb (11 damage)
             ... with a mindburst bolt
             ... on level 4 of the Dungeon.
             The game lasted 00:03:05 (3774 turns).

garrulousMonolith the Chopper (Hill Orc Monk)       Turns: 3774, Time: 00:03:06

Health: -4/82      AC: 23    Str: 16    XL:     6   Next: 46%
Magic:  7/7        EV:  2    Int: 10    God:    Beogh [**....]
Gold:   186        SH:  0    Dex: 13    Spells: 5/5 levels left

rFire   + . .      SeeInvis .   g - +2 whip (venom)
rCold   . . .      Faith    .   (no shield)
rNeg    . . .      Spirit   .   (body armour currently unavailable)
rPois   +          Reflect  .   (helmet currently unavailable)
rElec   .          Harm     .   (cloak currently unavailable)
rCorr   .          Rampage  .   (gloves currently unavailable)
Will    .....      NoTele   +   (boots currently unavailable)
Stlth   ++........              (no amulet)
HPRegen 0.23/turn               v - ring of protection from fire
MPRegen 0.10/turn               f - +4 ring of evasion

@: tree-form
A: stationary, stasis, torment immunity, boosted hp
a: Renounce Religion, Smiting


You were on level 4 of the Dungeon.
You worshipped Beogh.
Beogh was pleased with you.
You were a tree.
You visited 1 branch of the dungeon, and saw 4 of its levels.

You collected 186 gold pieces.

Inventory:

Hand Weapons
 a - a +0 hand axe
 e - a +0 flail
 g - a +2 whip of venom (weapon)
Missiles
 b - 50 stones (quivered)
 q - 6 poisoned darts
Armour
 d - a +0 ring mail (melded)
 n - a +0 cloak (melded)
Jewellery
 f - a +4 ring of evasion (right branch)
 v - a ring of protection from fire (left branch)
 w - a ring of flight
Wands
 t - a wand of digging (2)
Scrolls
 h - a scroll of acquirement {unknown}
 o - a scroll of fog {unknown}
 s - a scroll of teleportation {unknown}
Potions
 j - a potion of mutation
 l - a potion of heal wounds {unknown}
 m - a potion of berserk rage {unknown}
 p - 2 potions of degeneration
 r - a potion of attraction


   Skills:
 + Level 4.9 Fighting
 * Level 6.1 Axes
 + Level 1.9 Armour
 + Level 3.3 Dodging
 - Level 2.3 Stealth
 + Level 2.0 Invocations


You had 5 spell levels left.
You didn't know any spells.
Your spell library contained the following spells:

 Spells                   Type           Power      Damage    Failure   Level
 Gell's Gravitas          Tloc           0%         N/A       75%         3
 Teleport Other           Tloc           0%         N/A       75%         3
 Dispersal                Tloc           0%         N/A       100%        6


Dungeon Overview and Level Annotations

Branches:
Dungeon (4/15)
 Temple: D:4-7

Altars:
Kikubaaqudgha
Ru

Annotations:
D:4 Ijyb


Message History

The orc shouts!
You are too injured to fight recklessly!
Ijyb the Twisted Goblin comes into view.
She is wielding a +1 dagger of venom and carrying a wand of mindburst (10).
Ijyb shouts!
The orc priest hits the orc but does no damage.
The orc priest hits the endoplasm with a +0 hand axe.
The endoplasm dies!
The orc priest hits the orc with a +0 hand axe.
The orc hits the orc priest with a +0 morningstar!
You are too injured to fight recklessly!
A hound comes into view.
The hound barks!
The orc hits the orc priest with a +0 morningstar.
The orc priest dies!
You barely miss the orc.
The hound pauses to sniff the ground.
The orc shouts!
You hit the orc.
The orc is poisoned.
The orc is heavily wounded.
The orc completely misses you. The orc barely misses you.
You hit the orc.
You kill the orc!
Beogh accepts your kill. The orc hits you with a +0 mace.
Ijyb zaps a wand.
Your mind is blasted!
The hound misses you. The orc hits you with a +0 mace.
The orc barely misses you. The hound misses you.
Things that are here:
a +0 short sword; a +0 leather armour; an orc corpse You barely miss Ijyb.
Ijyb hits you but does no damage. The orc hits you with a +0 mace.
The orc closely misses you. The hound bites you.
You closely miss Ijyb. The hound bites you.
Ijyb zaps a wand.
Your mind is blasted!
* * * LOW HITPOINT WARNING * * *
The orc completely misses you. The orc misses you.
The hound bites you but does no damage.
It was a potion of lignification.
You turn into a tree.
Your +0 cloak melds into your body.
Your +0 ring mail melds into your body.
Your roots penetrate the ground.
Ijyb zaps a wand.
Your mind is blasted!
You die...

.# ##.### #####......
#.......... #...)......
#...)...... #.#
#.o.g......
#.######.o♣.......
........?o.h......
#.####............ #.#
#............ #.#
#.#..........
###.####.#..........
.####........###########
................#
.#......###.....#


You could see Ijyb, a hound, 2 orcs and a neutral orc (wandering).

Vanquished Creatures
  Grinder (D:3)
  An iguana (D:2)
  2 adders
  3 worms
  2 dart slugs
  4 orcs
  4 ball pythons
  3 bats
  4 endoplasms
  3 giant cockroaches
  7 goblins
  4 hobgoblins
  10 kobolds
  2 quokkas
  7 rats
57 creatures vanquished.

Vanquished Creatures (others)
  An orc priest (D:4)
  An orc (D:4)
  An endoplasm (D:4)
3 creatures vanquished.

Grand Total: 60 creatures vanquished

Notes
Turn   | Place    | Note
-------+----------+-------------------------------------------
     0 | D:1      | garrulousMonolith the Hill Orc Monk began the quest for the
                  | Orb.
     0 | D:1      | Reached XP level 1. HP: 19/19 MP: 1/1
   186 | D:1      | Reached XP level 2. HP: 27/27 MP: 2/2
   903 | D:1      | Reached XP level 3. HP: 33/33 MP: 3/3
  1735 | D:2      | Found a faded altar of an unknown god.
  2078 | D:2      | Reached XP level 4. HP: 16/41 MP: 4/4
  2570 | D:3      | Reached skill level 5 in Axes
  2723 | D:3      | Found an ancient bone altar of Kikubaaqudgha.
  2893 | D:3      | Reached XP level 5. HP: 47/47 MP: 5/5
  2976 | D:3      | Noticed Grinder
  2986 | D:3      | Paralysed by Grinder for 3 turns
  2995 | D:3      | Paralysed by Grinder for 6 turns
  3001 | D:3      | Killed Grinder
  3002 | D:3      | Reached skill level 6 in Axes
  3002 | D:3      | Reached skill level 1 in Armour
  3002 | D:3      | Reached XP level 6. HP: 6/55 MP: 5/7
  3400 | D:3      | Found a sacrificial altar of Ru.
  3763 | D:4      | Became a worshipper of Beogh the Brigand
  3763 | D:4      | Reached * piety under Beogh
  3763 | D:4      | Reached ** piety under Beogh
  3766 | D:4      | Noticed Ijyb
  3774 | D:4      | Blown up by Ijyb

Illustrated notes

Levels and vault maps discovered:
D:1:      psy_arrival_statuary, layout_basic
D:2:      layout_basic, hellmonk_ecumenical_altar_blasted
D:3:      layout_basic, lemuel_round_altar, nicolae_ru_awakened_eye,
          uniq_grinder
D:4:      layout_basic, fedhas_altar_2, serial_shops, shop,
          kennysheep_small_spiral, uniq_ijyb

Skill      XL: |  1  2  3  4  5 |
---------------+----------------+-----
Fighting       | 4 |  4.9
Stealth        | 2 |  2.3
Dodging        | 3 |  3.3
Axes           | 5 6 |  6.1
Armour         | 1 |  1.9
Invocations    | 2 |  2.0

Action                   |  1- 3 |  4- 6 || total
-------------------------+-------+-------++-------
Melee: Hand axe          |    52 |       ||    52
       Whip              |    65 |    62 ||   127
       Punch             |     1 |       ||     1
Invok: Convert to Beogh  |       |     1 ||     1
  Use: Scroll            |       |     3 ||     3
       Potion            |       |     3 ||     3
 Stab: Distracted        |     1 |       ||     1
       Sleeping          |     1 |     1 ||     2
Armor: Ring mail         |    39 |    18 ||    57
Dodge: Dodged            |    61 |    32 ||    93

Table legend: (Time is in decaauts)
 A = Elapsed time spent in this place.
 B = Non-inter-level travel time spent in this place.
 C = Inter-level travel time spent in this place.
 D = Time resting spent in this place.
 E = Time spent auto-exploring this place.
 F = Levels seen in this place.
 G = Mean time per level.
                   A        B        C        D        E       F      G
               +--------+--------+--------+--------+--------+-----+--------+
         Total |   3774 |   3663 |    111 |    751 |   2449 |   4 |  943.5 |
       Dungeon |   3774 |   3663 |    111 |    751 |   2449 |   4 |  943.5 |
               +--------+--------+--------+--------+--------+-----+--------+

Top non-repeatable levels by time:
     D:1: 1395 daAuts
     D:3: 1201 daAuts
     D:2: 1143 daAuts
     D:4: 33 daAuts
